AoeStats
← BronzyRex6

Glade

503117015Analyzed
1v1 RM · 1mo ago on Aug 30, 2026· 55m 6s· 2 players
Game mode
Random Map
Map size
Tiny (2 player)
Population
200
Speed
Normal
Resources
Standard
Victory
Conquest
Starting age
Dark Age
Ending age
Imperial Age
RankedLock teamsTeams togetherTeam positionsShared explorationLock speedFull tech treeHidden civsTurbo modeCheats
Victory
Defeat
🇮🇱 Byzantines · Israel
472
+14
🇭🇺 Khmer · Hungary
439
-14
BronzyRex6
0:36 Loom
12:16 Feudal Age
15:30 Castle Age
23:15 Double-Bit Axe
27:09 Wheelbarrow
32:17 Imperial Age
30:47 Town Watch
31:42 Bloodlines
32:19 Husbandry
37:41 Chemistry
38:24 Elite Ballista Elephant
39:16 Double Crossbow
39:40 Conscription
48:44 Scale Barding Armor
48:51 Forging
elias.tanous
9:24 Feudal Age
7:40 Loom
9:55 Double-Bit Axe
19:18 Castle Age
17:34 Stone Mining
19:09 Fletching
19:20 Padded Archer Armor
20:44 Thumb Ring
22:51 Gold Mining
25:28 Forging
32:48 Scale Barding Armor
35:59 Imperial Age
35:17 Stone Shaft Mining
35:56 Husbandry
36:26 Squires
35:48 Pikeman
37:22 Halberdier
37:55 Heavy Camel Rider
38:23 Gambesons
45:47 Elite Skirmisher
Connection lost

Rejoining the realm…

Still unreachable

The connection could not be restored.

Session expired

The server has moved on; the page needs a fresh start.